AoeStats
← Illice90

Arabia

510343040Analyzed
1v1 RM · 2d ago on Sep 30, 2026· 41m 30s· 2 players
Game mode
Random Map
Map size
Tiny (2 player)
Population
200
Speed
Normal
Resources
Standard
Victory
Conquest
Starting age
Dark Age
Ending age
Imperial Age
RankedLock teamsTeams togetherTeam positionsShared explorationLock speedFull tech treeHidden civsTurbo modeCheats
Victory
Defeat
🇪🇸 Tatars · Spain
954
+15
🇮🇳 Dravidians · India
923
-15
Markus_Wolf
10:06 Feudal Age
8:21 Loom
10:55 Double-Bit Axe
10:54 Horse Collar
18:32 Castle Age
16:50 Gold Mining
17:48 Padded Archer Armor
17:39 Fletching
17:58 Town Watch
19:52 Bow Saw
20:32 Thumb Ring
26:34 Bodkin Arrow
29:16 Wheelbarrow
29:28 Ballistics
29:49 Masonry
30:01 Husbandry
30:47 Leather Archer Armor
30:55 Squires
30:15 Pikeman
32:05 Hand Cart
34:21 Light Cavalry
35:16 Scale Barding Armor
35:22 Forging
Illice90
10:41 Feudal Age
16:37 Castle Age
15:30 Double-Bit Axe
15:42 Fletching
15:40 Loom
16:05 Horse Collar
16:54 Gold Mining
19:54 Light Cavalry
20:36 Husbandry
20:50 Bloodlines
26:04 Ballistics
26:25 Gold Shaft Mining
27:56 Forging
29:09 Padded Archer Armor
29:20 Bodkin Arrow
29:01 Elite Skirmisher
30:24 Bow Saw
31:15 Heavy Plow
31:03 Light Cavalry
Connection lost

Rejoining the realm…

Still unreachable

The connection could not be restored.

Session expired

The server has moved on; the page needs a fresh start.